Map: Mementos LE

Players

Adyk

  • Race: Zerg Zerg
  • Spawn Location: 3:00

alexy

  • Race: Zerg Zerg
  • Spawn Location: 12:00

Zunett

  • Race: Terran Terran
  • Spawn Location: 3:00

Scarynator

  • Race: Zerg Zerg
  • Spawn Location: 1:00

MooEsqoo

  • Race: Protoss Protoss
  • Spawn Location: 9:00

aldébarane

  • Race: Protoss Protoss
  • Spawn Location: 6:00

deBeutel

  • Race: Protoss Protoss
  • League: Silver
  • Spawn Location: 7:00

AgentFischer

  • Race: Zerg Zerg
  • Spawn Location: 9:00

VOD

Have the link to the VOD?

Description

Time

  • Played on: Nov. 14, 2019, 5:08 p.m.
  • Length: 16:53
Show
View Real Time Build Order
Export as new Build Order

Adyk Zerg 

Build Orders: Hatch First, Muta Ling Bane 

Get SALT Encoding   

  12  0:32  Drone  
  12  0:33  Drone, Hatchery  
  13  0:43  Spawning Pool  
  13  0:46  Extractor  
  13  0:47  Drone  
  12  0:57  Overlord  
  12  1:08  Drone x2  
  14  1:18  Drone  
  15  1:28  Drone  
  16  1:33  Queen  
  18  1:45  Zergling x2  
  19  1:54  Drone x2  
  19  1:59  Drone x2  
  19  2:01  Metabolic Boost  
  23  2:21  Drone x4  
  27  2:26  Extractor  
  26  2:35  Lair  
  26  2:43  Drone x2  
  28  2:48  Overlord  
  28  2:53  Overlord  
  28  3:09  Evolution Chamber  
  28  3:12  Baneling Nest  
  26  3:16  Drone x3  
  29  3:22  Drone  
  29  3:24  Drone  
  29  3:25  Drone x2  
  33  3:33  Drone x2  
  33  3:34  Drone x2  
  37  3:39  Zerg Melee Weapons Level 1  
  37  3:43  Pneumatized Carapace  
  37  3:46  Zergling x2  
  37  3:47  Zergling x2  
  39  3:55  Spine Crawler  
  39  3:56  Spine Crawler  
  39  3:59  Spine Crawler x2  
  35  4:08  Baneling  
  35  4:12  Baneling x2  
  35  4:16  Drone x4  
  42  4:17  Drone x3  
  42  4:27  Hatchery  
  41  4:34  Extractor  
  41  4:36  Extractor  
  39  4:45  Zergling x2  
  39  4:46  Zergling x4  
  39  4:47  Overlord x3  
  42  4:58  Centrifical Hooks  
  42  5:28  Drone x6  
  48  5:45  Baneling x6  
  48  5:46  Baneling  
  48  6:00  Overseer  
  48  6:02  Overlord  
  48  6:04  Drone  
  48  6:05  Drone x2  
  51  6:20  Spire  
  51  6:21  Zerg Ground Armor Level 1  
  50  6:49  Spore Crawler  
  50  6:50  Spore Crawler  
  50  6:53  Extractor  
  47  6:55  Extractor  
  45  7:26  Spore Crawler x2  
  45  7:29  Spore Crawler  
  42  7:34  Spire  
  42  7:37  Zerg Flyer Weapons Level 1, Corruptor x2  
  41  7:42  Drone x3  
  48  7:56  Drone  
  48  7:57  Drone x2  
  51  7:59  Drone  
  52  8:13  Corruptor x4  
  52  8:15  Zerg Missile Weapons Level 1  
  60  8:22  Corruptor  
  62  8:34  Overlord  
  62  8:35  Overlord x3  
  62  8:38  Overlord x2  
  62  8:39  Overlord x4  
  62  8:41  Overseer  
  62  8:53  Mutalisk x4  
  70  8:59  Overseer  
  70  9:13  Zerg Flyer Armor Level 1  
  70  9:25  Mutalisk x4  
  78  9:42  Hatchery  
  77  10:04  Mutalisk x6  
  77  10:05  Mutalisk  
  91  10:25  Zerg Flyer Weapons Level 2  
  91  10:37  Mutalisk x4  
  93  11:23  Drone x2  
  95  11:29  Overseer  
  95  11:41  Drone x2  
  95  11:42  Drone x2  
  95  11:43  Drone x2  
  101  11:51  Hatchery  
  100  11:54  Extractor  
  100  11:58  Mutalisk x6  
  111  12:23  Extractor  
  111  12:26  Extractor, Zerg Flyer Armor Level 2  
  109  12:38  Infestation Pit, Zerg Ground Armor Level 2  
  108  12:52  Corruptor  
  108  12:53  Corruptor x2  
  108  12:54  Corruptor  
  116  13:10  Drone  
  116  13:11  Drone  
  118  13:17  Mutalisk x3  
  124  13:27  Extractor  
  124  13:31  Drone  
  124  13:32  Drone x2  
  126  13:34  Hive  
  115  15:22  Mutalisk  
  115  15:23  Mutalisk x14  
  137  16:11  Mutalisk  
  137  16:12  Mutalisk x10  
Show
View Real Time Build Order
Export as new Build Order

alexy Zerg 

Build Orders:  

Get SALT Encoding   

  12  6:27  Extractor  
  12  6:31  Extractor  
  10  6:35  Drone x3  
Show
View Real Time Build Order
Export as new Build Order

Zunett Terran 

Build Orders: 1/1/1 

Get SALT Encoding   

  12  0:01  SCV  
  13  0:19  SCV, Supply Depot  
  14  0:25  Refinery  
  14  0:30  Refinery  
  14  0:31  SCV  
  15  0:41  Barracks  
  15  0:44  SCV  
  16  0:54  Barracks  
  16  0:56  SCV  
  17  1:08  SCV  
  18  1:17  Supply Depot  
  18  1:20  SCV  
  19  1:32  SCV, Factory  
  20  1:36  Barracks Tech Lab  
  20  1:44  Marine, SCV  
  22  1:57  Stimpack  
  22  1:59  Orbital Command  
  22  2:01  Marine  
  22  2:05  Barracks Reactor  
  23  2:18  Hellion  
  23  2:19  Starport  
  23  2:21  Marine  
  26  2:28  SCV  
  27  2:34  Engineering Bay  
  27  2:39  Marine, Factory Reactor  
  27  2:42  Marine  
  29  2:47  Supply Depot  
  29  2:53  Supply Depot  
  29  3:02  Marine  
  30  3:06  SCV  
  31  3:13  Supply Depot  
  31  3:22  Marine x2  
  31  3:26  Medivac  
  30  3:27  Medivac  
  35  3:29  SCV  
  35  3:32  Terran Infantry Weapons Level 1  
  38  3:35  Marine  
  38  3:40  Marine  
  40  3:44  SCV, Factory Tech Lab  
  40  3:45  Missile Turret  
  40  3:47  Marine  
  40  3:48  Combat Shield  
  42  3:54  Marine  
  43  3:58  Marine  
  44  4:09  Widow Mine  
  46  4:16  Supply Depot  
  46  4:26  Marine  
  46  4:27  Marine x2  
  49  4:42  Command Center  
  49  4:43  Siege Tank  
  33  5:42  Marine x3  
  34  5:45  Medivac  
  38  5:54  Terran Infantry Armor Level 1  
  38  6:00  Marine x3, Barracks  
  38  6:01  Medivac  
  45  6:04  Widow Mine  
  45  6:18  Marine x3  
  48  6:29  Missile Turret  
  48  6:36  Marine x3, Medivac  
  53  6:53  Marine  
  53  6:54  Marine x2  
  56  7:10  Command Center  
  56  7:27  Marine x2  
  56  7:28  Marine x2  
  60  7:33  Armory  
  60  7:43  Widow Mine  
  62  7:45  Marine x2  
  62  7:48  Barracks Reactor  
  62  7:49  Supply Depot  
  62  7:50  Marine  
  65  8:03  Marine  
  66  8:08  Marine x2  
  66  8:09  Missile Turret  
  68  8:21  Marine  
  68  8:23  Marine  
  68  8:24  Marine  
  68  8:26  Marine x2  
  73  8:39  Marine  
  74  8:41  Marine x2  
  74  8:44  Marine x2  
  74  8:45  Medivac  
  74  8:47  Drilling Claws  
  80  8:56  Marine  
  80  8:59  Marine x2  
  80  9:01  Terran Infantry Weapons Level 2, Barracks  
  80  9:02  Marine x2  
  85  9:14  Marine  
  86  9:17  Marine x2  
  86  9:18  Terran Vehicle Weapons Level 1  
  86  9:19  Marine  
  86  9:20  Marine  
  90  9:32  Marine, Siege Tank  
  90  9:35  Marine x2  
  90  9:37  Marine x2  
  96  9:48  SCV  
  96  9:50  Marine  
  98  9:52  Marine  
  98  9:53  Marine  
  98  9:55  Marine  
  101  10:06  Barracks Reactor  
  101  10:17  Supply Depot  
  101  10:22  Supply Depot  
  101  10:24  Supply Depot  
  101  10:38  Marine x5, SCV x2  
  108  10:50  SCV x2  
  108  10:56  Marine x5  
  115  11:02  SCV x2  
  117  11:13  Marine x5  
  122  11:31  Marine x3  
  125  11:33  Missile Turret  
  125  11:40  Supply Depot  
  125  12:01  Marine x2  
  125  12:02  SCV  
  125  12:06  Marine  
  125  12:07  Marine x4  
  133  12:30  Supply Depot  
  133  12:34  Engineering Bay  
  133  12:36  Refinery  
  133  12:41  Refinery  
  133  12:48  Orbital Command  
  133  12:52  Marine x7, SCV  
  141  12:59  Terran Infantry Armor Level 2  
  141  13:23  Terran Infantry Weapons Level 3  
  141  13:24  Supply Depot  
  141  13:34  Missile Turret  
  141  13:45  Marine x7, SCV  
  141  13:46  Supply Depot  
  149  13:50  Terran Vehicle Weapons Level 2  
  149  13:56  Supply Depot  
  149  14:06  Missile Turret  
  149  14:07  Marine, SCV  
  149  14:09  Supply Depot  
  128  14:52  Marine x5  
  106  15:31  Marine x4  
  106  15:32  Marine x3  
  113  15:49  Marine x5  
  116  15:50  Marine x2  
  116  16:07  Marine x6  
  116  16:08  Marine  
  121  16:24  Marine x2  
  121  16:25  Marine x3  
Show
View Real Time Build Order
Export as new Build Order

Scarynator Zerg 

Build Orders: 3 Hatch before Pool 

Get SALT Encoding   

  12  0:11  Drone x2  
  14  0:32  Hatchery  
  13  0:48  Hatchery  
  12  0:52  Overlord  
  12  0:57  Extractor  
  12  1:00  Extractor  
  12  1:01  Drone  
  12  1:03  Drone  
  12  1:06  Drone  
  13  1:26  Spawning Pool  
  13  1:27  Drone  
  13  1:28  Drone  
  14  1:36  Drone  
  15  1:45  Drone  
  16  1:50  Drone  
  17  2:00  Drone  
  18  2:08  Evolution Chamber  
  17  2:13  Lair  
  17  2:17  Drone  
  17  2:19  Drone x3  
  17  2:21  Drone  
  22  2:23  Drone x3  
  25  2:32  Drone  
  25  2:35  Extractor  
  25  2:38  Extractor  
  25  2:40  Drone  
  25  2:43  Drone x2  
  27  2:47  Extractor  
  27  2:50  Extractor  
  25  2:52  Drone  
  25  2:54  Drone  
  25  2:56  Drone x2  
  29  3:07  Zerg Missile Weapons Level 1  
  29  3:11  Hydralisk Den  
  28  3:18  Hatchery  
  27  3:20  Queen  
  27  3:25  Queen  
  31  3:31  Queen  
  33  3:38  Drone  
  34  3:44  Overlord  
  34  3:45  Overlord  
  34  4:05  Drone x2  
  36  4:15  Drone x3  
  39  4:20  Drone  
  39  4:23  Drone x3  
  43  4:30  Drone  
  44  4:32  Drone x3  
  44  4:33  Queen  
  44  4:36  Grooved Spines  
  49  4:42  Nydus Network  
  49  4:45  Drone  
  49  4:47  Drone  
  49  4:48  Drone  
  49  4:50  Drone  
  49  4:51  Drone x4  
  56  4:53  Pneumatized Carapace  
  56  4:58  Overlord x2  
  56  5:29  Hydralisk x2  
  56  5:30  Hydralisk x4  
  68  5:45  Drone  
  68  5:46  Drone x2  
  68  5:48  Muscular Augments  
  71  5:52  Overlord x3  
  71  6:17  Hydralisk  
  71  6:18  Hydralisk x5  
  83  6:33  Zerg Missile Weapons Level 2  
  83  6:38  Hydralisk x4  
  83  6:39  Hydralisk x2  
  95  6:42  Overlord x3  
  95  6:43  Overlord  
  95  7:14  Nydus Canal  
  95  7:26  Hydralisk x2  
  95  7:27  Hydralisk x4  
  107  8:00  Hydralisk x5  
  107  8:01  Hydralisk  
  107  8:04  Hydralisk x4  
  127  8:09  Overlord  
  127  8:13  Overlord  
  91  8:49  Zerg Ground Armor Level 1  
  91  8:51  Hydralisk x4  
  91  8:52  Hydralisk x2  
  103  9:02  Hydralisk x6  
  109  9:07  Hydralisk  
  109  9:08  Hydralisk x3  
  123  9:18  Hydralisk x2  
  123  9:19  Hydralisk x2  
  131  9:26  Hydralisk x2  
  131  9:27  Hydralisk x2  
  139  9:32  Hydralisk x2  
  139  9:34  Overlord x3  
  143  9:43  Nydus Canal  
  143  9:51  Hydralisk  
  143  9:52  Hydralisk x3  
  151  10:29  Hydralisk x4  
  151  10:30  Hydralisk x2  
  163  10:57  Hydralisk x2  
  163  11:01  Overlord x3  
  167  11:20  Zerg Ground Armor Level 2  
  167  11:24  Hydralisk  
  167  11:25  Hydralisk x6  
  173  11:29  Hydralisk x5  
  191  11:34  Overlord x4  
  59  12:38  Hatchery  
  59  12:39  Hatchery  
  57  13:10  Hatchery  
  56  13:20  Hydralisk  
  56  13:21  Hydralisk x8  
  56  13:22  Hydralisk x3  
  80  13:27  Hydralisk x2  
  80  13:28  Hydralisk x4  
  80  13:31  Hydralisk x3  
  80  13:32  Hydralisk x5  
  108  13:49  Hydralisk x4  
  108  13:51  Hydralisk x2  
  108  13:53  Queen  
  108  13:54  Queen  
  124  14:06  Nydus Canal  
  124  14:14  Hydralisk x3  
  124  14:15  Hydralisk x3  
  72  15:01  Hydralisk  
  72  15:02  Hydralisk x6  
  72  15:03  Hydralisk x7  
  72  15:04  Hydralisk x2  
  102  15:07  Hydralisk x2  
  102  15:08  Hydralisk x4  
  114  15:17  Nydus Canal  
  114  15:28  Hydralisk x3  
  82  16:15  Hydralisk x6  
  82  16:16  Hydralisk x6  
  102  16:26  Hydralisk x3  
Show
View Real Time Build Order
Export as new Build Order

MooEsqoo Protoss 

Build Orders: 1 Gate Expand, Carriers 

Get SALT Encoding   

  12  0:02  Probe  
  13  0:15  Probe  
  13  0:20  Pylon  
  14  0:28  Probe  
  15  0:40  Probe  
  16  0:46  Gateway  
  16  0:49  Assimilator  
  16  0:52  Probe  
  17  1:23  Nexus  
  17  1:34  Cybernetics Core  
  17  1:37  Pylon  
  17  1:39  Probe  
  18  1:56  Assimilator  
  18  1:57  Probe  
  19  2:02  Warp Gate  
  19  2:09  Probe  
  20  2:24  Stalker (Chrono Boost)  
  22  2:37  Probe (Chrono Boost)  
  23  2:48  Probe (Chrono Boost)  
  23  2:50  Stalker, Probe (Chrono Boost)  
  27  2:53  Probe (Chrono Boost)  
  28  3:04  Probe  
  29  3:12  Gateway  
  29  3:13  Gateway  
  29  3:16  Probe  
  29  3:18  Probe  
  31  3:20  Stalker (Chrono Boost)  
  31  3:24  Assimilator  
  33  3:28  Probe  
  34  3:40  Probe  
  35  3:44  Probe  
  36  3:52  Probe  
  37  3:56  Probe  
  38  4:04  Probe, Assimilator  
  38  4:07  Stalker  
  41  4:14  Pylon  
  41  4:16  Pylon, Probe  
  42  4:18  Pylon  
  42  4:23  Shield Battery  
  42  4:26  Stalker  
  42  4:27  Stalker  
  46  4:37  Stargate  
  46  4:38  Gateway  
  46  4:41  Gateway  
  46  4:44  Stalker  
  48  4:48  Probe  
  49  5:00  Probe  
  49  5:01  Probe  
  51  5:12  Stalker x2, Probe  
  51  5:13  Stalker  
  58  5:23  Forge  
  58  5:24  Probe  
  58  5:26  Twilight Council  
  58  5:27  Oracle  
  62  5:36  Probe x2  
  64  5:48  Probe  
  64  5:49  Probe  
  66  5:51  Stalker x2  
  70  6:02  Robotics Facility  
  70  6:04  Blink  
  70  6:05  Protoss Ground Weapons Level 1 (Chrono Boost)  
  70  6:34  Protoss Air Weapons Level 1 (Chrono Boost)  
  70  6:39  Pylon  
  70  6:41  Pylon  
  70  6:43  Pylon  
  70  6:45  Pylon  
  70  6:47  Pylon  
  70  6:49  Pylon  
  70  6:54  Oracle (Chrono Boost)  
  70  6:57  Probe  
  71  7:09  Probe  
  71  7:10  Warp Prism (Chrono Boost)  
  74  7:21  Probe  
  75  7:29  Stalker  
  77  7:30  Stalker x4  
  77  7:31  Nexus  
  85  7:56  Assimilator  
  85  8:00  Probe  
  85  8:01  Probe, Assimilator  
  85  8:03  Stalker x3  
  85  8:04  Stalker x2  
  97  8:12  Probe  
  98  8:13  Probe  
  96  8:47  Probe (Chrono Boost)  
  100  8:56  Probe (Chrono Boost)  
  100  8:58  Probe x2 (Chrono Boost)  
  100  9:01  Probe (Chrono Boost)  
  100  9:05  Probe  
  100  9:07  Probe  
  103  9:13  Probe  
  104  9:18  Stargate  
  104  9:21  Stargate  
  104  9:23  Stargate  
  104  9:24  Stargate  
  104  9:25  Probe  
  104  9:31  Pylon  
  105  9:32  Pylon  
  105  9:34  Pylon  
  105  9:36  Pylon, Probe  
  105  9:37  Probe  
  107  9:52  Stalker x4  
  113  9:53  Stalker  
  117  10:06  Void Ray  
  117  10:07  Void Ray x3  
  121  10:09  Void Ray  
  137  10:17  Fleet Beacon  
  137  10:23  Stalker x5  
  147  10:38  Pylon  
  147  10:39  Pylon  
  147  10:57  Shield Battery  
  147  10:58  Protoss Ground Weapons Level 2  
  147  11:14  Shield Battery  
  147  11:16  Photon Cannon  
  147  11:18  Protoss Air Weapons Level 2, Photon Cannon  
  147  11:23  Carrier x3 (Chrono Boost)  
  147  11:24  Carrier (Chrono Boost)  
  147  11:25  Carrier (Chrono Boost)  
  177  11:44  Pylon  
  177  11:45  Pylon  
  177  11:47  Pylon  
  139  12:10  Stalker x5  
  139  12:32  Carrier x2 (Chrono Boost)  
  139  12:34  Carrier x2 (Chrono Boost)  
  163  12:59  Nexus  
  163  13:01  Assimilator  
  163  13:04  Probe  
  163  13:05  Assimilator  
  164  13:10  Pylon, Probe  
  165  13:25  Carrier (Chrono Boost)  
  177  13:35  Carrier x3 (Chrono Boost)  
  177  13:36  Carrier (Chrono Boost)  
  127  14:42  Stalker  
  127  14:43  Stalker x4  
  119  14:48  Carrier x2 (Chrono Boost)  
  137  15:03  Carrier x2 (Chrono Boost)  
  133  15:15  Stalker  
  133  15:16  Stalker x4  
Show
View Real Time Build Order
Export as new Build Order

aldébarane Protoss 

Build Orders: Oracle Opening 

Get SALT Encoding   

  12  0:02  Probe  
  13  0:19  Probe  
  13  0:20  Pylon  
  14  0:33  Probe  
  15  0:42  Gateway  
  15  0:45  Probe (Chrono Boost)  
  16  0:56  Probe (Chrono Boost)  
  17  1:00  Probe (Chrono Boost)  
  18  1:04  Forge  
  18  1:08  Pylon  
  18  1:11  Probe (Chrono Boost)  
  19  1:20  Probe (Chrono Boost)  
  20  1:25  Probe (Chrono Boost)  
  20  1:30  Pylon  
  21  1:37  Probe  
  22  1:40  Photon Cannon  
  22  1:45  Photon Cannon  
  22  1:50  Assimilator  
  22  1:51  Probe  
  23  1:58  Assimilator  
  23  2:03  Probe  
  24  2:10  Cybernetics Core  
  24  2:41  Pylon  
  24  3:00  Stargate  
  24  3:22  Stargate  
  24  3:47  Oracle (Chrono Boost)  
  24  3:49  Pylon  
  27  4:09  Protoss Air Weapons Level 1 (Chrono Boost)  
  27  4:23  Pylon  
  27  4:25  Photon Cannon x2  
  27  4:27  Photon Cannon  
  27  4:33  Pylon  
  27  4:45  Robotics Facility  
  27  4:52  Photon Cannon  
  27  4:55  Photon Cannon  
  10  5:39  Probe (Chrono Boost)  
  10  5:42  Warp Prism  
  13  5:46  Void Ray  
  13  5:47  Void Ray  
  13  5:49  Probe (Chrono Boost)  
  22  5:54  Probe (Chrono Boost)  
  23  6:05  Probe  
  24  6:17  Probe (Chrono Boost)  
  25  6:29  Probe (Chrono Boost)  
  26  6:35  Probe (Chrono Boost)  
  27  6:43  Probe  
  28  6:55  Probe  
  28  6:56  Nexus  
  28  7:00  Pylon  
  29  7:17  Void Ray  
  33  7:50  Probe  
  34  8:02  Probe  
  35  8:14  Probe  
  35  8:16  Void Ray  
  35  8:17  Void Ray  
  44  9:13  Nexus  
  44  9:16  Assimilator  
  44  9:18  Assimilator  
  44  9:20  Pylon  
  44  9:23  Pylon  
  44  9:28  Void Ray  
  44  9:30  Void Ray  
  52  10:39  Void Ray x2  
  60  10:48  Probe (Chrono Boost)  
  62  10:58  Probe (Chrono Boost)  
  62  11:03  Probe (Chrono Boost), Fleet Beacon  
  62  11:06  Pylon  
  62  11:08  Pylon, Protoss Air Armor Level 1  
  62  11:10  Pylon  
  63  11:22  Void Ray x2  
  71  11:32  Observer  
  72  11:45  Robotics Bay  
  72  11:48  Probe (Chrono Boost)  
  73  11:59  Probe (Chrono Boost)  
  74  12:03  Probe (Chrono Boost)  
  67  12:27  Stargate x2  
  67  12:34  Void Ray x2  
  75  13:11  Void Ray x2  
  83  13:19  Extended Thermal Lance  
  83  13:21  Colossus  
  83  13:26  Protoss Air Weapons Level 2 (Chrono Boost)  
  89  13:42  Void Ray x2  
  89  13:48  Probe (Chrono Boost)  
  98  13:59  Probe (Chrono Boost)  
  98  14:02  Probe (Chrono Boost)  
  100  14:03  Probe (Chrono Boost)  
  101  14:11  Probe  
  101  14:14  Probe  
  103  14:23  Probe  
  88  14:35  Probe  
  59  14:47  Probe  
  22  15:09  Void Ray  
  22  15:10  Void Ray x3  
  38  15:52  Void Ray  
Show
View Real Time Build Order
Export as new Build Order

deBeutel Protoss 

Build Orders: Cannon Rush 

Get SALT Encoding   

  12  0:01  Probe (Chrono Boost)  
  13  0:25  Probe  
  13  0:28  Pylon  
  14  0:37  Probe  
  15  0:49  Probe  
  16  0:51  Forge  
  16  0:59  Pylon  
  16  1:03  Probe  
  17  1:15  Probe  
  18  1:21  Gateway  
  18  1:30  Photon Cannon  
  18  1:32  Photon Cannon  
  18  1:40  Photon Cannon  
  18  1:51  Probe (Chrono Boost)  
  18  1:53  Photon Cannon  
  20  2:03  Probe (Chrono Boost)  
  20  2:16  Assimilator  
  20  2:20  Pylon  
  20  2:23  Probe  
  20  2:28  Assimilator  
  21  2:33  Zealot  
  21  2:35  Probe  
  24  2:44  Gateway  
  24  2:58  Cybernetics Core  
  24  3:07  Probe  
  25  3:17  Pylon  
  25  3:19  Probe  
  26  3:28  Nexus  
  26  3:36  Probe  
  27  3:45  Stalker  
  29  3:48  Probe (Chrono Boost)  
  29  3:51  Stalker  
  32  4:00  Probe (Chrono Boost)  
  33  4:09  Probe (Chrono Boost)  
  34  4:15  Probe  
  35  4:27  Probe  
  35  4:29  Pylon  
  36  4:40  Probe x2  
  36  4:42  Photon Cannon  
  38  4:52  Probe x2  
  40  4:54  Twilight Council  
  40  4:55  Zealot x2  
  44  5:04  Probe x2  
  44  5:05  Photon Cannon  
  46  5:22  Zealot x2  
  50  5:37  Charge (Chrono Boost)  
  50  5:57  Dark Shrine  
  50  5:59  Protoss Air Weapons Level 1  
  50  6:03  Photon Cannon  
  50  6:06  Photon Cannon  
  50  6:10  Photon Cannon  
  50  6:11  Probe  
  50  6:12  Probe  
  52  6:23  Probe  
  52  6:24  Probe  
  54  6:26  Pylon  
  54  6:28  Pylon  
  54  6:33  Pylon, Assimilator  
  54  6:35  Pylon  
  54  6:37  Assimilator  
  54  6:52  Photon Cannon  
  54  6:54  Photon Cannon  
  54  6:58  Photon Cannon  
  54  7:04  Photon Cannon  
  54  7:10  Blink  
  54  7:26  Probe x2  
  54  7:28  Zealot x2  
  60  7:38  Protoss Ground Weapons Level 1  
  60  7:55  Dark Templar  
  60  7:56  Dark Templar  
  64  8:21  Pylon  
  64  8:35  Dark Templar x2  
  66  8:55  Photon Cannon  
  66  8:57  Photon Cannon  
  66  8:59  Photon Cannon  
  66  9:05  Gateway  
  66  9:11  Pylon  
  66  9:14  Dark Templar x2  
  70  9:43  Protoss Ground Armor Level 1 (Chrono Boost)  
  70  9:44  Pylon  
  70  9:53  Zealot, Dark Templar  
  70  9:59  Photon Cannon  
  74  10:00  Photon Cannon  
  74  10:03  Photon Cannon  
  74  10:05  Photon Cannon x2  
  74  10:08  Photon Cannon  
  74  10:14  Gateway  
  74  10:17  Gateway  
  74  10:20  Zealot  
  76  10:22  Photon Cannon  
  76  10:23  Photon Cannon  
  76  10:25  Photon Cannon  
  76  10:27  Photon Cannon  
  76  10:30  Photon Cannon  
  76  10:33  Dark Templar  
  78  10:47  Zealot  
  80  11:01  Dark Templar  
  80  11:04  Stalker  
  74  11:12  Dark Templar  
  74  11:14  Dark Templar  
  56  11:29  Nexus  
  54  11:34  Stalker  
  56  11:40  Dark Templar  
  56  11:45  Protoss Ground Weapons Level 2  
  58  11:48  Pylon  
  58  11:50  Pylon  
  58  11:51  Zealot  
  58  11:53  Pylon  
  58  11:54  Zealot  
  62  11:58  Pylon  
  62  12:04  Zealot  
  62  12:18  Dark Templar  
  62  12:19  Zealot  
  62  12:21  Dark Templar  
  68  12:31  Dark Templar  
  68  12:36  Gateway  
  70  12:39  Gateway  
  70  12:41  Gateway  
  70  12:47  Dark Templar  
  70  12:48  Probe  
  73  12:58  Dark Templar  
  75  13:00  Probe, Dark Templar  
  78  13:11  Dark Templar  
  78  13:12  Probe  
  81  13:24  Probe  
  81  13:26  Zealot  
  84  13:27  Zealot  
  84  13:28  Zealot, Dark Templar  
  90  13:36  Probe  
  90  13:37  Zealot  
  90  13:39  Dark Templar  
  95  13:50  Dark Templar  
  95  13:53  Zealot  
  95  13:54  Dark Templar  
  95  13:55  Zealot  
  103  14:04  Zealot  
  103  14:07  Dark Templar  
  91  14:18  Zealot  
  91  14:20  Dark Templar  
  91  14:22  Zealot  
  79  14:29  Zealot  
  79  14:31  Dark Templar  
  79  14:33  Dark Templar  
  73  14:45  Zealot  
  73  14:46  Dark Templar  
  73  14:49  Zealot  
  75  14:56  Dark Templar  
  75  14:59  Zealot  
  73  15:10  Dark Templar  
  73  15:12  Zealot  
  73  15:13  Dark Templar  
  75  15:16  Zealot  
  71  15:26  Zealot  
  77  15:49  Zealot  
  79  15:52  Dark Templar  
  74  16:16  Zealot  
  66  16:36  Gateway  
  66  16:40  Gateway  
Show
View Real Time Build Order
Export as new Build Order

AgentFischer Zerg 

Build Orders: Pool First, Swarm Host 

Get SALT Encoding   

  12  0:12  Drone  
  12  0:13  Drone  
  14  0:17  Overlord  
  14  0:36  Drone  
  14  0:39  Drone  
  16  0:58  Spawning Pool  
  16  1:01  Drone x2  
  18  1:11  Drone  
  18  1:16  Extractor  
  17  1:21  Overlord  
  17  1:30  Drone  
  18  1:40  Drone  
  18  1:44  Queen  
  21  1:50  Drone  
  22  2:10  Zergling x2  
  22  2:14  Drone  
  24  2:39  Drone x2  
  26  2:59  Lair  
  26  3:03  Overlord  
  26  3:04  Drone  
  27  3:17  Overlord  
  27  3:25  Drone x3  
  30  3:29  Extractor  
  30  3:41  Drone x2  
  31  4:02  Drone x3  
  34  4:05  Queen  
  36  4:42  Infestation Pit  
  35  4:52  Burrow  
  35  4:57  Drone  
  35  4:58  Drone x2  
  38  5:37  Hydralisk Den  
  37  5:50  Hatchery  
  36  6:09  Hydralisk  
  36  6:10  Hydralisk x4  
  46  6:15  Hatchery, Overlord x2  
  45  6:35  Hive  
  45  6:58  Evolution Chamber  
  44  7:08  Queen  
  44  7:11  Drone  
  47  7:32  Extractor  
  46  7:58  Swarm Host  
  46  7:59  Swarm Host x4  
  46  8:00  Swarm Host x3  
  46  8:02  Overlord  
Tags
 
Add a new tag
Caveats
  • Supply blocks, unpowered buildings, or Contaminate may cause inaccurate times.
  • Supply counts are checked every 10 seconds.